 Dungeon Crawl Stone Soup version 0.28.0-53-g5a82cb258f (webtiles) character file.

Game seed: 6247862268470038253

935 xXBigHaxxorXx the Skirmisher (level 7, 0/64 HPs)
             Began as a Minotaur Berserker on Aug 8, 2022.
             Was a Priest of Trog.
             Frozen to death by an endoplasm (3 damage)
             ... in a sewer.
             The game lasted 00:22:57 (5834 turns).

xXBigHaxxorXx the Skirmisher (Minotaur Berserker)   Turns: 5834, Time: 00:22:58

Health: 0/64       AC:  6    Str: 29    XL:     7   Next: 87%
Magic:  6/6        EV: 13    Int:  4    God:    Trog [***...]
Gold:   213        SH:  0    Dex: 10    Spells: 6/6 levels left

rFire   . . .      SeeInvis .   m - +4 whip (elec)
rCold   . . .      Faith    .   (no shield)
rNeg    . . .      Spirit   .   q - +0 leather armour
rPois   .          Reflect  .   (helmet restricted)
rElec   .          Harm     .   (no cloak)
rCorr   .          Rampage  .   f - +0 pair of gloves
Will    .....                   s - +0 pair of boots
Stlth   +.........              (no amulet)
HPRegen 0.20/turn               j - +6 ring of strength
MPRegen 0.10/turn               (no ring)

@: lethally poisoned (0 -> -2), slowed, very slow
A: horns 2, retaliatory headbutt
a: Renounce Religion, Berserk, Trog's Hand


You were in a sewer.
You worshipped Trog.
Trog was most pleased with you.
You visited 2 branches of the dungeon, and saw 7 of its levels.
You also visited: Sewer.

You collected 213 gold pieces.

Inventory:

Hand Weapons
 d - a +0 flail
 m - a +4 whip of electrocution (weapon)
Missiles
 e - 122 arrows
 h - 2 boomerangs (quivered)
 i - 30 poisoned darts
 l - 38 bolts
 r - 2 curare-tipped darts
 z - 5 atropa-tipped darts
Armour
 c - a +0 ring mail
 f - a +0 pair of gloves (worn)
 o - a +0 chain mail
 q - a +0 leather armour (worn)
 s - a +0 pair of boots (worn)
 v - a +2 scale mail of fire resistance
 w - a +2 scale mail of willpower
Jewellery
 j - a +6 ring of strength (left hand)
Wands
 y - a wand of flame (23)
 B - a wand of mindburst (13)
Scrolls
 k - a scroll of magic mapping
 n - a scroll of silence
Potions
 a - a potion of magic {unknown}
 b - a potion of haste {unknown}
 g - a potion of cancellation
 p - a potion of degeneration
 t - a potion of curing {unknown}
 u - a potion of invisibility {unknown}
 x - a potion of resistance {unknown}
 A - a potion of heal wounds {unknown}


   Skills:
 + Level 6.5 Fighting
 + Level 6.4 Maces & Flails
 + Level 5.9 Armour
 + Level 5.3 Dodging


You had 6 spell levels left.
You didn't know any spells.
Your spell library was empty.

Dungeon Overview and Level Annotations

Branches:
Dungeon (6/15)             Temple (1/1) D:5           Sewer (1/1)

Altars:
Ashenzari
Cheibriados
Dithmenos
Elyvilon
Gozag
Hepliaklqana
Kikubaaqudgha
Makhleb
Qazlal
Ru
Sif Muna
Trog
Uskayaw
Vehumet
Wu Jian
Xom
Yredelemnul
Zin
The Shining One

Annotations:
D:3 2 transporters, DemonSlayer's ghost, amateur DsFE


Innate Abilities, Weirdness & Mutations

You have a pair of horns on your head.
You reflexively headbutt those who attack you in melee.


Message History

Moving in this stuff is going to be slow.
You enter the shallow water.
Moving in this stuff is going to be slow.
An endoplasm and a kobold brigand come into view.
The kobold brigand is wielding a +0 dagger and quivering curare-tipped darts.
The endoplasm quivers.
The kobold brigand throws a curare-tipped dart.
The curare-tipped dart hits you.
You are poisoned.
You have difficulty breathing.
You feel yourself slow down.
The kobold brigand throws a curare-tipped dart.
The curare-tipped dart hits you.
You are more poisoned.
You have difficulty breathing.
You feel as though you will be slow longer.
You feel extremely sick.
The kobold brigand throws a curare-tipped dart.
The curare-tipped dart hits you.
You are more poisoned.
You have difficulty breathing.
You feel as though you will be slow longer.
You feel very sick.
The endoplasm jiggles.
You hit the endoplasm but do no damage.
You feel very sick. The endoplasm freezes you.
You are frozen.
* * * LOW HITPOINT WARNING * * *
You enter the shallow water.
Moving in this stuff is going to be slow.
* * * LOW HITPOINT WARNING * * *
You feel very sick. The endoplasm freezes you.
You are frozen.
* * * LOW HITPOINT WARNING * * *
* * * LOW HITPOINT WARNING * * *
You feel very sick. The endoplasm freezes you.
You are frozen.
You die...

#≈≈≈.≈≈≈∩. #≈≈..≈....
####### ##≈≈..≈....
#.≈≈).##### ##.≈≈.≈..≈..
#####.≈.≈≈####≈≈.≈##≈...≈
#.≈≈≈≈###≈...≈.≈≈####≈≈≈≈
####### #≈≈.≈.≈..# ##≈≈≈≈
#.≈≈≈≈###≈≈≈≈..≈####.≈≈.≈
#.KJ@≈########≈≈.≈≈.≈
#.≈≈≈≈##### #≈≈≈..###
###### #≈≈.≈## #...##
#.≈.# #.≈≈# ##≈..##
#≈.≈.≈# #≈###†#


You could see a kobold brigand and an endoplasm.

Vanquished Creatures
  A sky beast (D:5)
  An ogre (D:5)
  5 kobold brigands (Sewer)
  A water moccasin skeleton (D:5)
  A hound (D:6)
  A centaur skeleton (D:5)
  An iguana (D:4)
  4 gnolls
  12 adders
  A river rat (Sewer)
  An adder skeleton (D:4)
  6 worms
  A dart slug (D:3)
  5 orcs
  5 bats
  9 endoplasms
  5 giant cockroaches
  12 goblins
  7 hobgoblins
  10 jackals
  6 kobolds
  2 quokkas (D:4)
  7 ball pythons
  4 frilled lizards
  6 rats
114 creatures vanquished.

Vanquished Creatures (others)
  6 plants (D:3)
  2 withered plants (D:1)
8 creatures vanquished.

Grand Total: 122 creatures vanquished

Notes
Turn   | Place    | Note
-------+----------+-------------------------------------------
     0 | D:1      | xXBigHaxxorXx the Minotaur Berserker began the quest for
                  | the Orb.
     0 | D:1      | Reached XP level 1. HP: 19/19 MP: 0/0
    50 | D:1      | Found a hazy altar of Hepliaklqana.
    86 | D:1      | Reached XP level 2. HP: 9/27 MP: 1/1
   356 | D:1      | You fall into a shaft and drop 1 floor!
   533 | D:1      | Found a faded altar of an unknown god.
   557 | D:1      | Reached XP level 3. HP: 23/33 MP: 2/2
  1437 | D:2      | Reached ** piety under Trog
  2316 | D:3      | Reached XP level 4. HP: 41/41 MP: 3/3
  2673 | D:3      | Noticed DemonSlayer's ghost (amateur DsFE)
  2697 | D:3      | Identified the +5 spear of the Twisting Messenger {chaos,
                  | Dex+3}
  2697 | D:3      | Identified the +2 scale mail "Puon" {rElec}
  2697 | D:3      | Noticed a gnoll sergeant
  2822 | D:3      | Found a transporter.
  2832 | D:3      | Found a transporter.
  2893 | D:3      | Found a hide-covered altar of Uskayaw.
  2909 | D:3      | Found an ancient bone altar of Kikubaaqudgha.
  3391 | D:4      | Reached XP level 5. HP: 47/47 MP: 4/4
  3914 | D:5      | Entered Level 5 of the Dungeon
  3933 | D:5      | Reached skill level 5 in Fighting
  3983 | D:5      | Reached skill level 5 in Maces & Flails
  4063 | D:5      | Noticed a sky beast
  4068 | D:5      | Killed a sky beast
  4069 | D:5      | Reached XP level 6. HP: 56/56 MP: 5/5
  4156 | D:5      | Found a staircase to the Ecumenical Temple.
  4171 | Temple   | Entered the Ecumenical Temple
  5020 | D:6      | Found a glowing drain.
  5025 | D:6      | Reached *** piety under Trog
  5041 | D:6      | Reached skill level 5 in Armour
  5043 | D:6      | Reached XP level 7. HP: 58/62 MP: 6/6
  5057 | Sewer    | Entered a sewer
  5509 | Sewer    | Reached skill level 5 in Dodging
  5834 | Sewer    | HP: 3/64 [poisoned by a kobold brigand (curare-tipped
                  | dart)]
  5834 | Sewer    | Frozen to death by an endoplasm

Illustrated notes

Levels and vault maps discovered:
D:1:      lemuel_arrival_tunnels, layout_basic,
          ebering_ecumenical_altar_petrified, kennysheep_flooded_box
D:2:      layout_loops_corners, hex_medium
D:3:      layout_loops_corners, nicolae_overflow_squiral,
          gammafunk_ghost_gnarly_gnolls, minmay_between
D:4:      layout_gridville, st_stairs_13, minmay_fountain_box
D:5:      layout_loops_corners, minmay_temple_entry_wispy
D:6:      layout_loops_ring, kennysheep_mini, gup_sewer_entry_glass
Temple:   regret_index_temple_sphere_string
Sewer:    sewer_co_tree

Skill      XL: |  1  2  3  4  5  6  7 |
---------------+----------------------+-----
Fighting       | 4 5 6 |  6.5
Maces & Flails | 4 5 6 |  6.4
Armour         | 3 4 5 |  5.9
Dodging        | 3 4 5 |  5.3

Action                   |  1- 3 |  4- 6 |  7- 9 || total
-------------------------+-------+-------+-------++-------
Melee: Mace              |    61 |       |       ||    61
       Headbutt          |    15 |    18 |    10 ||    43
       Punch             |     1 |       |     1 ||     2
       Whip              |    21 |   102 |    93 ||   216
Invok: Berserk           |       |     1 |       ||     1
       Trog's Hand       |       |     1 |       ||     1
  Use: Scroll            |     3 |     6 |     1 ||    10
Armor: Animal skin       |    16 |       |       ||    16
       Leather armour    |       |    20 |    18 ||    38
Dodge: Dodged            |    47 |    43 |    40 ||   130
